 Dungeon Crawl Stone Soup version 0.28.0-49-g6dfe1f597d (webtiles) character file.

Game seed: 8647098218430891881

98 Zeld the Chiller (level 4, -3/35 HPs)
             Began as a Ghoul Ice Elementalist on May 12, 2022.
             Shot with an arrow by a centaur (12 damage)
             ... on level 3 of the Dungeon.
             The game lasted 00:03:02 (2717 turns).

Zeld the Chiller (Ghoul Ice Elementalist)           Turns: 2717, Time: 00:03:03

Health: -3/35      AC:  3    Str: 11    XL:     4   Next: 69%
Magic:  7/7        EV: 12    Int: 12    God:
Gold:   121        SH:  0    Dex:  9    Spells: 4/8 levels left

rFire   . . .      SeeInvis .   (no weapon)
rCold   + . .      Faith    .   (no shield)
rNeg    + + +      Spirit   .   a - +0 robe
rPois   ∞          Reflect  .   (no helmet)
rElec   .          Harm     .   (no cloak)
rCorr   .          Rampage  .   e - +0 pair of gloves
Will    +....                   (no boots)
Stlth   ++........              (no amulet)
HPRegen 0.00/turn               c - ring of willpower
MPRegen 0.10/turn               (no ring)

@: inhibited regen
A: claws 1, cold resistance 1, negative energy resistance 3, inhibited
regeneration, torment resistance 2
a: no special abilities


You were on level 3 of the Dungeon.
You visited 1 branch of the dungeon, and saw 3 of its levels.

You collected 169 gold pieces.
You spent 48 gold pieces at shops.

Inventory:

Armour
 a - a +0 robe (worn)
 e - a +0 pair of gloves (worn)
Jewellery
 c - a ring of willpower (left hand)
Wands
 m - a wand of polymorph (7)
Scrolls
 d - a scroll of fog {unknown}
 f - 2 scrolls of identify {unknown}
 h - a scroll of noise {unknown}
 j - a scroll of blinking {unknown}
 o - a scroll of torment {unknown}
Potions
 b - a potion of invisibility {unknown}
 g - 3 potions of flight {unknown}
 i - a potion of cancellation {unknown}
 k - a potion of mutation {unknown}
 l - a potion of might
 n - a potion of lignification {unknown}
 p - a potion of resistance {unknown}


   Skills:
 + Level 1.4 Fighting
 + Level 2.2 Dodging
 + Level 2.8 Stealth
 * Level 2.6 Spellcasting
 * Level 5.1 Ice Magic


You had 4 spell levels left.
You knew the following spells:

 Your Spells              Type           Power      Damage    Failure   Level
a - Freeze                Ice            52%        1d7       3%          1
b - Frozen Ramparts       Ice            26%        1d4       10%         3

Your spell library contained the following spells:

 Spells                   Type           Power      Damage    Failure   Level
 Ozocubu's Armour         Ice            13%        N/A       10%         3
 Hailstorm                Conj/Ice       7%         3d4       65%         4


Dungeon Overview and Level Annotations

Branches:
Dungeon (3/15)

Altars:

Shops:
D:1 [   D:2 *(=*


Innate Abilities, Weirdness & Mutations

You thrive by killing the living.
You are immune to poison.
You have sharp fingernails.
Your flesh is cold resistant. (rC+)
You are immune to negative energy. (rN+++)
You do not regenerate when monsters are visible.
You are immune to unholy pain and torment.


Message History

Confirm with . or Enter, or press ? or * to list all spells.
Aiming: Freeze (safe; 3% risk of failure)
Press: ? - help, Shift-Dir - straight line, f - dart slug
Aim: a dart slug You freeze the dart slug.
The dart slug is moderately wounded.
The centaur wields a +0 shortbow.
The centaur shoots an arrow.
The arrow hits you!
Casting: Freeze (safe; 3% risk of failure)
Confirm with . or Enter, or press ? or * to list all spells.
Aiming: Freeze (safe; 3% risk of failure)
Press: ? - help, Shift-Dir - straight line, f/p - dart slug
Aim: a dart slug (moderately wounded)
Okay, then.
The dart slug launches a dart at you. The slug dart hits you.
The centaur shoots an arrow.
The arrow hits you.
The centaur shoots an arrow.
The arrow hits you! The dart slug bites you.
Casting: Freeze (safe; 3% risk of failure)
Confirm with . or Enter, or press ? or * to list all spells.
The spell is quite dangerous to miscast (10% risk of failure)!
Continue anyway?
Okay, then.
You hit the dart slug.
The dart slug is heavily wounded.
The dart slug bites you.
You hit the dart slug.
The dart slug is severely wounded.
You hit the dart slug but do no damage.
The dart slug is severely wounded.
The dart slug bites you.
* * * LOW HITPOINT WARNING * * *
You hit the dart slug.
You punch the dart slug, but do no damage.
The dart slug is almost dead.
The dart slug launches a dart at you. The slug dart misses you.
You hit the dart slug.
You kill the dart slug!
The centaur shoots an arrow.
The arrow hits you!
You die...

#.....# ####
#..##.# ...
#..##.# ...
#..##.#
#.##..##.#
#####..#..##.#
......c..c##.#
.#####.##†##.#
#. #@##.# ##
#.##.# #.##.#
..##.# ..##.#
######.
..>##.#
.......
...##.#
..#####
....##.# ..#
#.#


You could see a centaur.

Vanquished Creatures
  Jessica (D:2)
  Terence (D:3)
  A dart slug (D:3)
  8 ball pythons
  3 bats
  2 endoplasms (D:1)
  5 giant cockroaches
  4 goblins
  2 hobgoblins (D:2)
  4 jackals (D:1)
  3 kobolds
  2 frilled lizards
  9 rats
45 creatures vanquished.

Notes
Turn   | Place    | Note
-------+----------+-------------------------------------------
     0 | D:1      | Zeld the Ghoul Ice Elementalist began the quest for the
                  | Orb.
     0 | D:1      | Reached XP level 1. HP: 14/14 MP: 2/2
    17 | D:1      | Found Keydinaw's Antique Armour Emporium.
   432 | D:1      | Reached XP level 2. HP: 18/22 MP: 2/4
  1053 | D:2      | Found Juwnegit's General Store.
  1058 | D:2      | Found Mitucyel's Jewellery Shop.
  1059 | D:2      | Found Jugguse's Weapon Boutique.
  1063 | D:2      | Bought a potion of might for 48 gold pieces
  1067 | D:2      | Reached XP level 3. HP: 27/27 MP: 1/5
  1071 | D:2      | Learned a level 3 spell: Frozen Ramparts
  1355 | D:2      | Noticed Jessica
  1360 | D:2      | Killed Jessica
  1361 | D:2      | Reached skill level 1 in Fighting
  1473 | D:2      | Reached XP level 4. HP: 35/35 MP: 4/6
  1581 | D:2      | Reached skill level 5 in Ice Magic
  1625 | D:2      | Found Otevo's General Store.
  2218 | D:3      | Noticed Terence
  2577 | D:3      | Killed Terence
  2705 | D:3      | Noticed a centaur
  2717 | D:3      | Shot with an arrow by a centaur

Illustrated notes

Levels and vault maps discovered:
D:1:      saegor_arrival_simple_b, layout_rooms, serial_shops,
          nicolae_shop_behind_doors
D:2:      layout_basic, serial_shops, nicolae_shop_trees,
          nicolae_shop_competitors_out_of_business, nicolae_shop_waterfront,
          nicolae_shop_stone, minmay_rat_gold_closets, uniq_jessica
D:3:      layout_basic, kennysheep_vampire_church, minmay_misc_feat_rows,
          amcnicky_mini_corridor_feature, minmay_puff, uniq_robin, uniq_natasha,
          uniq_sigmund, uniq_terence

Skill      XL: |  1  2  3  4 |
---------------+-------------+-----
Spellcasting   | 2 |  2.6
Dodging        | 2 |  2.2
Fighting       | 1 |  1.4
Ice Magic      | 5 |  5.1
Stealth        | |  2.8

Action                   |  1- 3 |  4- 6 || total
-------------------------+-------+-------++-------
Melee: Unarmed           |    35 |    24 ||    59
       Punch             |     1 |     1 ||     2
 Cast: Freeze            |    29 |    23 ||    52
       Frozen Ramparts   |       |     2 ||     2
Armor: Robe              |    10 |    16 ||    26
Dodge: Dodged            |    30 |    40 ||    70
